Bruins vs Canadiens

Created - April-20-13 at 11:29

Goals
1 2 3 OT1 T
Bruins 0 1 1 0 2
Canadiens 1 0 1 1 3
Shots
1 2 3 OT1 T
Bruins 16 8 10 4 38
Canadiens 6 9 10 4 29

1st period

1. Canadiens , Travis Hamonic 1 (Blake Wheeler, Dustin Byfuglien) at 8:07 (PP)

Penalties :
Cody Franson (BOS) for Hooking (Minor) at 7:12, Alec Martinez (MTL) for Kneeing (Major) at 8:27, Dustin Byfuglien (MTL) for Roughing (Minor) at 16:07

2nd period

2. Bruins , Tyler Seguin 2 (Ryan Nugent-Hopkins, Zdeno Chara) at 13:10 (PP)

Penalties :
Dennis Wideman (MTL) for Interference (Minor) at 13:00, Andrei Kostitsyn (MTL) for Tripping (Minor) at 13:48, Brad Marchand (BOS) for Slashing (Minor) at 17:24, Cody Franson (BOS) for Holding (Minor) at 19:48

3rd period

3. Bruins , David Krejci 1 (Tobias Enstrom, Evander Kane) at 1:59
4. Canadiens , Jordan Eberle 1 (Boyd Gordon, Travis Hamonic) at 13:58

Penalties :
Derek Morris (MTL) for Interference (Minor) at 2:26, Travis Hamonic (MTL) for Hooking (Minor) at 7:25, Dustin Byfuglien (MTL) for Hooking (Minor) at 17:09

Overtime #1

5. Canadiens , Kevin Klein 1 (Boyd Gordon, Alec Martinez) at 11:43 (SH)

Penalties :
Pavel Datsyuk (MTL) for Holding (Minor) at 8:37, Marc-Edouard Vlasic (MTL) for Holding (Minor) at 10:08, Brad Marchand (BOS) for Slashing (Minor) at 10:22, Travis Hamonic (MTL) for Fighting (Major) at 11:16, Zdeno Chara (BOS) for Fighting (Major) at 11:16, Dennis Wideman (MTL) for Fighting (Major) at 11:16, Dennis Seidenberg (BOS) for Fighting (Major) at 11:16, Brad Richards (MTL) for Elbowing (Minor) at 11:16, Clarke MacArthur (BOS) for Slashing (Minor) at 11:16, Logan Couture (MTL) for Goalie Interference (Minor) at 11:16

Goalie Stats

Jonas Hiller (BOS), 26 saves from 29 shots - (0.897), OTL, 1-0-2, 71:44 minutes
Cam Ward (MTL), 36 saves from 38 shots - (0.947), W, 2-1-0, 71:44 minutes

Players Stats for Bruins

Player Name              G  A  P  +/- PIM S  H  SB GA TA FO     MP     PP MP  PK MP  
------------------------------------------------------------------------------------
Brad Marchand            0  0  0   0  4   6  5  0  0  0  2/2    25:07   8:27   0:40 
Chris Kelly              0  0  0   0  0   1  2  0  0  0  12/27  17:07   0:14   3:37 
Clarke MacArthur         0  0  0   0  2   2  1  0  0  0  0/0    15:20   0:14   0:36 
Cody Franson             0  0  0   1  4   2  4  0  0  0  0/0    20:49   8:50   0:00 
David Krejci             1  0  1   1  0   1  0  0  0  0  3/14   12:41   0:00   0:00 
David Schlemko           0  0  0  -1  0   0  1  2  0  0  0/0     6:31   0:14   2:06 
Dennis Seidenberg        0  0  0  -1  5   1  2  1  0  0  0/0    24:06   0:00   2:47 
Evander Kane             0  1  1   1  0   2  4  1  0  0  1/2    20:11   8:07   0:00 
Milan Lucic              0  0  0   0  0   3  4  0  0  0  2/3    19:03   0:00   0:00 
Nathan Horton            0  0  0  -1  0   1  0  0  0  0  0/1    14:50   8:07   0:00 
Oliver Ekman-Larsson     0  0  0  -1  0   3  0  0  0  0  0/0    24:48   7:45   0:00 
Patrice Bergeron         0  0  0  -1  0   2  1  1  0  0  20/36  25:29   8:07   0:00 
Rich Peverley            0  0  0  -1  0   2  1  0  0  0  2/3    20:56   0:14   3:37 
Ryan Nugent-Hopkins      0  1  1  -1  0   2  0  0  0  0  10/22  16:27   8:28   1:16 
Tobias Enstrom           0  1  1   1  0   0  0  1  0  0  0/0    12:36   0:14   0:00 
Tyler Seguin             1  0  1   0  0   1  0  0  0  0  0/2    21:44   8:28   0:00 
Zach Bogosian            0  0  0  -1  0   5  0  1  0  0  0/0    26:32   7:45   2:06 
Zdeno Chara              0  1  1   0  5   4  0  1  0  0  0/0    28:02   8:50   2:47 

Players Stats for Canadiens

Player Name              G  A  P  +/- PIM S  H  SB GA TA FO     MP     PP MP  PK MP  
------------------------------------------------------------------------------------
Alec Martinez            0  1  1   1  5   0  0  0  0  0  0/0     6:31   0:00   2:42 
Andrei Kostitsyn         0  0  0   0  2   2  3  0  0  0  0/0    16:05   0:00   0:00 
Andy McDonald            0  0  0  -1  0   0  0  0  0  0  0/1    17:58   2:13   0:00 
Blake Wheeler            0  1  1  -1  0   0  1  0  0  0  0/2    19:52   2:13   1:54 
Boyd Gordon              0  2  2   2  0   1  0  1  0  0  2/9     8:47   0:00   6:46 
Brad Richards            0  0  0   0  2   3  1  0  0  0  13/21  17:52   0:00   1:07 
Dennis Wideman           0  0  0   0  7   4  1  1  0  0  0/0    17:30   2:40   0:28 
Derek Morris             0  0  0   0  2   0  2  3  0  0  0/0    21:27   0:00   7:37 
Dustin Byfuglien         0  1  1   0  4   2  1  0  0  0  0/0    20:55   2:13   0:49 
John Mitchell            0  0  0   1  0   0  0  0  0  0  0/0     2:01   0:00   0:00 
Jonathan Toews           0  0  0   0  0   2  2  0  0  0  21/45  27:06   2:40   9:37 
Jordan Eberle            1  0  1   1  0   4  0  0  0  0  0/0    19:30   2:40   0:00 
Kevin Klein              1  0  1   1  0   1  1  1  0  0  0/0    22:49   0:00   8:58 
Logan Couture            0  0  0   0  2   1  1  0  0  0  5/5    28:06   2:40   9:58 
Marc-Edouard Vlasic      0  0  0   0  2   3  0  3  0  0  0/0    28:27   2:40   8:13 
Mason Raymond            0  0  0   0  0   0  0  0  0  0  1/1    16:06   0:00   0:00 
Pavel Datsyuk            0  0  0  -1  2   2  2  0  0  0  18/28  22:40   2:13   4:43 
Travis Hamonic           1  1  2   0  7   4  1  3  0  0  0/0    25:40   2:13   6:12 

3 Stars

1 - Boyd Gordon (MTL)
2 - Kevin Klein (MTL)
3 - Cam Ward (MTL)

Power Play

Bruins - 1 on 10 Attempt(s) - 10.00%
Canadiens - 1 on 4 Attempt(s) - 25.00%

Penalty Kill

Bruins - 3 on 4 Attempt(s) - 75.00% - Score 0 goal in Penalty Kill
Canadiens - 9 on 10 Attempt(s) - 90.00% - Score 1 goal in Penalty Kill

Official

Referees : Brad Meier and Kyle Rehman
Linesman : Jonny Murray and Ryan Galloway

Game Notes

General Fight at 11:16 of 1st overtime period
Travis Hamonic and Zdeno Chara fight to a draw at 11:16 of 1st overtime period
Dennis Wideman and Dennis Seidenberg fight to a draw at 11:16 of 1st overtime period

Finance

Level 1 -- Attendance: 6500 (100.00%) -- Ticket Income $650,000
Level 2 -- Attendance: 5000 (100.00%) -- Ticket Income $300,000
Level 3 -- Attendance: 3500 (100.00%) -- Ticket Income $122,500
Level 4 -- Attendance: 3605 (68.37%) -- Ticket Income $54,075
Luxury Box -- Attendance: 1000 (100.00%) -- Ticket Income $175,000
Game was played at the Bell Centre
Total Attendance: 19605 (92.16%)
Total Ticket Income: $1,301,575
Other Income: $195,236
Total Income: $1,496,811


% Time on Ice - Bruins

Lines # - Real PCT - Wanted PCT - Time Play
Normal Forward
1 - 33% - 40% - 16:01
2 - 26% - 30% - 12:41
3 - 14% - 20% - 6:43
4 - 27% - 10% - 13:16
Normal Defense
1 - 33% - 35% - 15:53
2 - 35% - 35% - 17:03
3 - 25% - 25% - 12:01
4 - 8% - 5% - 3:44
PP Forward
1 - 52% - 60% - 8:42
2 - 48% - 40% - 8:07
PP Defense
1 - 54% - 60% - 9:04
2 - 46% - 40% - 7:45
PK Forward
1 - 74% - 60% - 3:37
2 - 26% - 40% - 1:16
PK Defense
1 - 57% - 60% - 2:47
2 - 43% - 40% - 2:06
PK3 Forward
1 - 0% - 60%
2 - 0% - 40%
PK3 Defense
1 - 0% - 60%
2 - 0% - 40%
44 Forward
1 - 100% - 60% - 1:21
2 - 0% - 40% - 0:00
44 Defense
1 - 74% - 60% - 1:00
2 - 26% - 40% - 0:21
Last Minute Offensive  - 0:00
Last Minute Defensive  - 0:00
Total
Forward - 71:44
Defense - 71:44

% Time on Ice - Canadiens

Lines # - Real PCT - Wanted PCT - Time Play
Normal Forward
1 - 30% - 30% - 14:49
2 - 32% - 30% - 15:45
3 - 33% - 30% - 16:06
4 - 4% - 10% - 2:01
Normal Defense
1 - 30% - 30% - 14:23
2 - 35% - 30% - 17:16
3 - 28% - 25% - 13:51
4 - 7% - 15% - 3:11
PP Forward
1 - 55% - 50% - 2:40
2 - 45% - 50% - 2:13
PP Defense
1 - 55% - 50% - 2:40
2 - 45% - 50% - 2:13
PK Forward
1 - 63% - 60% - 10:30
2 - 37% - 40% - 6:05
PK Defense
1 - 47% - 60% - 7:50
2 - 53% - 40% - 8:45
PK3 Forward
1 - 75% - 60% - 0:41
2 - 25% - 40% - 0:14
PK3 Defense
1 - 100% - 60% - 0:55
2 - 0% - 40% - 0:00
44 Forward
1 - 100% - 60% - 0:40
2 - 0% - 40% - 0:00
44 Defense
1 - 3% - 60% - 0:01
2 - 98% - 40% - 0:39
Last Minute Offensive  - 0:00
Last Minute Defensive  - 0:00
Total
Forward - 71:44
Defense - 71:44

Play by Play

1st period


0:01 of 1st period - Patrice Bergeron wins face-off versus Jonathan Toews in neutral zone.
0:22 of 1st period - Shot by Brad Marchand.
0:22 of 1st period - Stopped by Cam Ward without a rebound.
0:23 of 1st period - Pavel Datsyuk wins face-off versus David Krejci in Canadiens zone.
1:31 of 1st period - Patrice Bergeron is hit by Pavel Datsyuk and loses puck.
2:29 of 1st period - Shot by Zach Bogosian.
2:29 of 1st period - Stopped by Cam Ward without a rebound.
2:30 of 1st period - Brad Richards wins face-off versus Ryan Nugent-Hopkins in Canadiens zone.
2:32 of 1st period - Icing by Mason Raymond.
2:33 of 1st period - Brad Richards wins face-off versus Nathan Horton in Canadiens zone.
2:35 of 1st period - Icing by Kevin Klein.
2:36 of 1st period - Mason Raymond wins face-off versus Ryan Nugent-Hopkins in Canadiens zone.
3:49 of 1st period - Shot by Jonathan Toews.
3:49 of 1st period - Shot Misses the Net.
3:51 of 1st period - Shot by Logan Couture.
3:51 of 1st period - Shot Blocked by Patrice Bergeron.
4:09 of 1st period - Shot by Jonathan Toews.
4:09 of 1st period - Deflect By Jordan Eberle.
4:09 of 1st period - Shot Misses the Net.
4:11 of 1st period - Shot by Dennis Wideman.
4:11 of 1st period - Stopped by Jonas Hiller without a rebound.
4:12 of 1st period - Boyd Gordon wins face-off versus Chris Kelly in Bruins zone.
4:13 of 1st period - Shot by Jordan Eberle.
4:13 of 1st period - Deflect By Boyd Gordon.
4:13 of 1st period - Stopped by Jonas Hiller with a rebound.
4:29 of 1st period - Shot by Tyler Seguin.
4:29 of 1st period - Deflect By Chris Kelly.
4:29 of 1st period - Shot Hit the Post.
4:36 of 1st period - Icing by Tobias Enstrom.
4:37 of 1st period - Brad Richards wins face-off versus Chris Kelly in Bruins zone.
5:00 of 1st period - Shot by Andrei Kostitsyn.
5:00 of 1st period - Stopped by Jonas Hiller without a rebound.
5:01 of 1st period - Pavel Datsyuk wins face-off versus David Krejci in Bruins zone.
5:16 of 1st period - Shot by Milan Lucic.
5:16 of 1st period - Stopped by Cam Ward without a rebound.
5:17 of 1st period - Patrice Bergeron wins face-off versus Brad Richards in Canadiens zone.
6:00 of 1st period - Shot by Brad Marchand.
6:00 of 1st period - Shot Misses the Net.
6:02 of 1st period - Shot by Rich Peverley.
6:02 of 1st period - Shot Blocked by Derek Morris.
6:37 of 1st period - Icing by David Krejci.
6:38 of 1st period - Pavel Datsyuk wins face-off versus David Krejci in Bruins zone.
6:53 of 1st period - Shot by Milan Lucic.
6:53 of 1st period - Stopped by Cam Ward without a rebound.
6:54 of 1st period - Chris Kelly wins face-off versus Jonathan Toews in Canadiens zone.
7:11 of 1st period - Shot by Jordan Eberle.
7:11 of 1st period - Shot Misses the Net.
7:12 of 1st period - Minor Penalty to Cody Franson for Hooking.
7:13 of 1st period - Chris Kelly wins face-off versus Pavel Datsyuk in Bruins zone.
7:36 of 1st period - Shot by Pavel Datsyuk.
7:36 of 1st period - Stopped by Jonas Hiller without a rebound.
7:37 of 1st period - Chris Kelly wins face-off versus Jonathan Toews in Bruins zone.
7:49 of 1st period - Shot by Dennis Wideman.
7:49 of 1st period - Stopped by Jonas Hiller without a rebound.
7:50 of 1st period - Rich Peverley wins face-off versus Pavel Datsyuk in Bruins zone.
8:03 of 1st period - Shot by Dustin Byfuglien.
8:03 of 1st period - Shot Misses the Net.
8:05 of 1st period - Shot by Blake Wheeler.
8:05 of 1st period - Shot Blocked by David Schlemko.
8:07 of 1st period - Shot by Travis Hamonic.
8:07 of 1st period - Goal by Travis Hamonic - Bruins : 0 - Canadiens : 1.
8:08 of 1st period - David Krejci wins face-off versus Jonathan Toews in neutral zone.
8:27 of 1st period - Major Penalty to Alec Martinez for Kneeing.
8:28 of 1st period - Ryan Nugent-Hopkins wins face-off versus Jonathan Toews in Canadiens zone.
8:29 of 1st period - Shot by Cody Franson.
8:29 of 1st period - Stopped by Cam Ward without a rebound.
8:30 of 1st period - Brad Marchand wins face-off versus Jonathan Toews in Canadiens zone.
9:09 of 1st period - Shot by Brad Marchand.
9:09 of 1st period - Shot Misses the Net.
9:11 of 1st period - Shot by Ryan Nugent-Hopkins.
9:11 of 1st period - Shot Misses the Net.
9:13 of 1st period - Shot by Zdeno Chara.
9:13 of 1st period - Stopped by Cam Ward without a rebound.
9:14 of 1st period - Patrice Bergeron wins face-off versus Boyd Gordon in Canadiens zone.
9:53 of 1st period - Shot by Zach Bogosian.
9:53 of 1st period - Shot Blocked by Travis Hamonic.
10:09 of 1st period - Brad Marchand is hit by Logan Couture and loses puck.
10:51 of 1st period - Shot by Oliver Ekman-Larsson.
10:51 of 1st period - Shot Misses the Net.
10:53 of 1st period - Shot by Patrice Bergeron.
10:53 of 1st period - Shot Blocked by Boyd Gordon.
10:55 of 1st period - Shot by Evander Kane.
10:55 of 1st period - Stopped by Cam Ward without a rebound.
10:56 of 1st period - Ryan Nugent-Hopkins wins face-off versus Boyd Gordon in Canadiens zone.
11:22 of 1st period - Shot by Brad Marchand.
11:22 of 1st period - Stopped by Cam Ward without a rebound.
11:23 of 1st period - Jonathan Toews wins face-off versus Patrice Bergeron in Canadiens zone.
11:23 of 1st period - Jonathan Toews is hit by Patrice Bergeron.
11:51 of 1st period - Shot by Oliver Ekman-Larsson.
11:51 of 1st period - Deflect By Patrice Bergeron.
11:51 of 1st period - Shot Blocked by Travis Hamonic.
12:07 of 1st period - Shot by Tyler Seguin.
12:07 of 1st period - Shot Blocked by Kevin Klein.
12:34 of 1st period - Marc-Edouard Vlasic is hit by Brad Marchand and loses puck.
13:00 of 1st period - Shot by Patrice Bergeron.
13:00 of 1st period - Stopped by Cam Ward with a rebound.
13:02 of 1st period - Shot by Oliver Ekman-Larsson.
13:02 of 1st period - Stopped by Cam Ward with a rebound.
13:04 of 1st period - Shot by Patrice Bergeron.
13:04 of 1st period - Shot Misses the Net.
13:06 of 1st period - Shot by Oliver Ekman-Larsson.
13:06 of 1st period - Shot Blocked by Derek Morris.
13:08 of 1st period - Shot by Patrice Bergeron.
13:08 of 1st period - Shot Misses the Net.
14:01 of 1st period - Shot by David Krejci.
14:01 of 1st period - Shot Misses the Net.
14:03 of 1st period - Shot by Dennis Seidenberg.
14:03 of 1st period - Stopped by Cam Ward without a rebound.
14:04 of 1st period - Chris Kelly wins face-off versus Boyd Gordon in Canadiens zone.
14:15 of 1st period - Shot by Chris Kelly.
14:15 of 1st period - Stopped by Cam Ward without a rebound.
14:16 of 1st period - Pavel Datsyuk wins face-off versus Milan Lucic in Canadiens zone.
14:23 of 1st period - Kevin Klein is hit by Milan Lucic.
14:26 of 1st period - Off-side.
14:27 of 1st period - Patrice Bergeron wins face-off versus Boyd Gordon in neutral zone.
15:23 of 1st period - Off-side.
15:24 of 1st period - Pavel Datsyuk wins face-off versus Tyler Seguin in neutral zone.
15:49 of 1st period - Shot by Chris Kelly.
15:49 of 1st period - Deflect By Tyler Seguin.
15:49 of 1st period - Shot Blocked by Marc-Edouard Vlasic.
15:51 of 1st period - Shot by Tyler Seguin.
15:51 of 1st period - Deflect By Clarke MacArthur.
15:51 of 1st period - Stopped by Cam Ward without a rebound.
15:52 of 1st period - Ryan Nugent-Hopkins wins face-off versus Brad Richards in Canadiens zone.
15:56 of 1st period - Shot by Ryan Nugent-Hopkins.
15:56 of 1st period - Shot Misses the Net.
15:58 of 1st period - Shot by Ryan Nugent-Hopkins.
15:58 of 1st period - Stopped by Cam Ward without a rebound.
15:59 of 1st period - Brad Richards wins face-off versus Ryan Nugent-Hopkins in Canadiens zone.
15:59 of 1st period - Brad Richards is hit by Milan Lucic.
16:02 of 1st period - Icing by Travis Hamonic.
16:03 of 1st period - Patrice Bergeron wins face-off versus Brad Richards in Canadiens zone.
16:07 of 1st period - Minor Penalty to Dustin Byfuglien for Roughing.
16:08 of 1st period - Ryan Nugent-Hopkins wins face-off versus Jonathan Toews in Canadiens zone.
16:13 of 1st period - Shot by Zdeno Chara.
16:13 of 1st period - Shot Misses the Net.
16:57 of 1st period - Off-side.
16:58 of 1st period - Pavel Datsyuk wins face-off versus Patrice Bergeron in neutral zone.
17:06 of 1st period - Off-side.
17:07 of 1st period - Jonathan Toews wins face-off versus Patrice Bergeron in neutral zone.
17:20 of 1st period - Shot by Zach Bogosian.
17:20 of 1st period - Stopped by Cam Ward without a rebound.
17:21 of 1st period - Jonathan Toews wins face-off versus Patrice Bergeron in Canadiens zone.
17:21 of 1st period - Logan Couture is hit by Evander Kane and loses puck.
17:48 of 1st period - Shot by Evander Kane.
17:48 of 1st period - Shot Blocked by Travis Hamonic.
17:50 of 1st period - Shot by Evander Kane.
17:50 of 1st period - Shot Misses the Net.
17:52 of 1st period - Shot by Zach Bogosian.
17:52 of 1st period - Stopped by Cam Ward without a rebound.
17:53 of 1st period - Logan Couture wins face-off versus Ryan Nugent-Hopkins in Canadiens zone.
18:31 of 1st period - Andrei Kostitsyn is hit by Chris Kelly and loses puck.
19:24 of 1st period - Icing by Dustin Byfuglien.
19:25 of 1st period - Milan Lucic wins face-off versus Jonathan Toews in Canadiens zone.

2nd period


0:01 of 2nd period - Jonathan Toews wins face-off versus Patrice Bergeron in neutral zone.
2:00 of 2nd period - Icing by Zdeno Chara.
2:01 of 2nd period - Ryan Nugent-Hopkins wins face-off versus Brad Richards in Bruins zone.
2:01 of 2nd period - Ryan Nugent-Hopkins is hit by Andrei Kostitsyn.
3:05 of 2nd period - Shot by Jonathan Toews.
3:05 of 2nd period - Shot Misses the Net.
3:42 of 2nd period - Icing by Cody Franson.
3:43 of 2nd period - Chris Kelly wins face-off versus Pavel Datsyuk in Bruins zone.
3:51 of 2nd period - Off-side.
3:52 of 2nd period - Patrice Bergeron wins face-off versus Blake Wheeler in neutral zone.
4:35 of 2nd period - Icing by Oliver Ekman-Larsson.
4:36 of 2nd period - Patrice Bergeron wins face-off versus Jonathan Toews in Bruins zone.
5:57 of 2nd period - Shot by Brad Richards.
5:57 of 2nd period - Stopped by Jonas Hiller with a rebound.
6:02 of 2nd period - Off-side.
6:03 of 2nd period - Patrice Bergeron wins face-off versus Pavel Datsyuk in neutral zone.
6:58 of 2nd period - Shot by Ryan Nugent-Hopkins.
6:58 of 2nd period - Stopped by Cam Ward without a rebound.
6:59 of 2nd period - Chris Kelly wins face-off versus Brad Richards in Canadiens zone.
6:59 of 2nd period - Chris Kelly is hit by Dennis Wideman.
7:23 of 2nd period - Shot by Tyler Seguin.
7:23 of 2nd period - Deflect By Clarke MacArthur.
7:23 of 2nd period - Stopped by Cam Ward without a rebound.
7:24 of 2nd period - Jonathan Toews wins face-off versus David Krejci in Canadiens zone.
7:40 of 2nd period - Jonathan Toews is hit by Dennis Seidenberg and loses puck.
8:49 of 2nd period - Shot by Andrei Kostitsyn.
8:49 of 2nd period - Stopped by Jonas Hiller without a rebound.
8:50 of 2nd period - Patrice Bergeron wins face-off versus Blake Wheeler in Bruins zone.
9:09 of 2nd period - Shot by Rich Peverley.
9:09 of 2nd period - Shot Misses the Net.
9:24 of 2nd period - Icing by Patrice Bergeron.
9:25 of 2nd period - Jonathan Toews wins face-off versus Patrice Bergeron in Bruins zone.
9:48 of 2nd period - Shot by Jordan Eberle.
9:48 of 2nd period - Shot Misses the Net.
9:50 of 2nd period - Shot by Jonathan Toews.
9:50 of 2nd period - Stopped by Jonas Hiller without a rebound.
9:51 of 2nd period - Brad Richards wins face-off versus Chris Kelly in Bruins zone.
9:51 of 2nd period - Brad Richards is hit by Cody Franson.
9:56 of 2nd period - Mason Raymond is hit by Cody Franson and loses puck.
10:08 of 2nd period - Brad Richards is hit by Cody Franson and loses puck.
10:18 of 2nd period - Icing by Kevin Klein.
10:19 of 2nd period - Brad Richards wins face-off versus Ryan Nugent-Hopkins in Canadiens zone.
10:19 of 2nd period - Brad Richards is hit by Milan Lucic.
10:52 of 2nd period - Oliver Ekman-Larsson is hit by Andrei Kostitsyn and loses puck.
11:08 of 2nd period - Icing by Derek Morris.
11:09 of 2nd period - Brad Richards wins face-off versus Rich Peverley in Canadiens zone.
11:09 of 2nd period - Brad Richards is hit by Brad Marchand.
11:52 of 2nd period - Shot by Rich Peverley.
11:52 of 2nd period - Stopped by Cam Ward without a rebound.
11:53 of 2nd period - Jonathan Toews wins face-off versus Chris Kelly in Canadiens zone.
12:07 of 2nd period - Dustin Byfuglien is hit by Chris Kelly and loses puck.
12:27 of 2nd period - Shot by Jordan Eberle.
12:27 of 2nd period - Stopped by Jonas Hiller without a rebound.
12:28 of 2nd period - Pavel Datsyuk wins face-off versus David Krejci in Bruins zone.
12:34 of 2nd period - Andy McDonald is hit by Dennis Seidenberg and loses puck.
12:53 of 2nd period - Shot by Milan Lucic.
12:53 of 2nd period - Shot Blocked by Marc-Edouard Vlasic.
13:00 of 2nd period - Minor Penalty to Dennis Wideman for Interference.
13:01 of 2nd period - Ryan Nugent-Hopkins wins face-off versus Jonathan Toews in Canadiens zone.
13:04 of 2nd period - Shot by Zdeno Chara.
13:04 of 2nd period - Stopped by Cam Ward with a rebound.
13:10 of 2nd period - Shot by Tyler Seguin.
13:10 of 2nd period - Goal by Tyler Seguin - Bruins : 1 - Canadiens : 1.
13:11 of 2nd period - Patrice Bergeron wins face-off versus Brad Richards in neutral zone.
13:48 of 2nd period - Minor Penalty to Andrei Kostitsyn for Tripping.
13:49 of 2nd period - Ryan Nugent-Hopkins wins face-off versus Jonathan Toews in Canadiens zone.
15:06 of 2nd period - Icing by Zach Bogosian.
15:07 of 2nd period - Patrice Bergeron wins face-off versus Jonathan Toews in Bruins zone.
16:03 of 2nd period - Icing by David Schlemko.
16:04 of 2nd period - Pavel Datsyuk wins face-off versus Chris Kelly in Bruins zone.
16:31 of 2nd period - Icing by Dennis Seidenberg.
16:32 of 2nd period - Jonathan Toews wins face-off versus Chris Kelly in Bruins zone.
16:32 of 2nd period - Jonathan Toews is hit by David Schlemko.
16:50 of 2nd period - Icing by Logan Couture.
16:51 of 2nd period - Patrice Bergeron wins face-off versus Jonathan Toews in Canadiens zone.
16:52 of 2nd period - Shot by Rich Peverley.
16:52 of 2nd period - Stopped by Cam Ward without a rebound.
16:53 of 2nd period - Patrice Bergeron wins face-off versus Pavel Datsyuk in Canadiens zone.
17:04 of 2nd period - Shot by Brad Marchand.
17:04 of 2nd period - Stopped by Cam Ward without a rebound.
17:05 of 2nd period - Milan Lucic wins face-off versus Jonathan Toews in Canadiens zone.
17:22 of 2nd period - Shot by Oliver Ekman-Larsson.
17:22 of 2nd period - Stopped by Cam Ward without a rebound.
17:23 of 2nd period - Pavel Datsyuk wins face-off versus Patrice Bergeron in Canadiens zone.
17:23 of 2nd period - Pavel Datsyuk is hit by Brad Marchand.
17:24 of 2nd period - Minor Penalty to Brad Marchand for Slashing.
17:25 of 2nd period - Jonathan Toews wins face-off versus Chris Kelly in Bruins zone.
17:28 of 2nd period - Shot by Jordan Eberle.
17:28 of 2nd period - Stopped by Jonas Hiller with a rebound.
17:48 of 2nd period - Shot by Jordan Eberle.
17:48 of 2nd period - Shot Misses the Net.
17:52 of 2nd period - Shot by Dennis Wideman.
17:52 of 2nd period - Stopped by Jonas Hiller with a rebound.
17:54 of 2nd period - Shot by Logan Couture.
17:54 of 2nd period - Shot Misses the Net.
17:56 of 2nd period - Shot by Marc-Edouard Vlasic.
17:56 of 2nd period - Stopped by Jonas Hiller without a rebound.
17:57 of 2nd period - Chris Kelly wins face-off versus Andy McDonald in Bruins zone.
18:06 of 2nd period - Shot by Pavel Datsyuk.
18:06 of 2nd period - Stopped by Jonas Hiller without a rebound.
18:07 of 2nd period - Pavel Datsyuk wins face-off versus Chris Kelly in Bruins zone.
19:01 of 2nd period - Off-side.
19:02 of 2nd period - Jonathan Toews wins face-off versus Chris Kelly in neutral zone.
19:33 of 2nd period - Off-side.
19:34 of 2nd period - Brad Richards wins face-off versus David Krejci in neutral zone.
19:48 of 2nd period - Minor Penalty to Cody Franson for Holding.
19:49 of 2nd period - Jonathan Toews wins face-off versus Chris Kelly in Bruins zone.
19:50 of 2nd period - Shot by Marc-Edouard Vlasic.
19:50 of 2nd period - Shot Blocked by Zdeno Chara.
19:52 of 2nd period - Shot by Dennis Wideman.
19:52 of 2nd period - Stopped by Jonas Hiller without a rebound.
19:53 of 2nd period - Jonathan Toews wins face-off versus Chris Kelly in Bruins zone.

3rd period


0:01 of 3rd period - Jonathan Toews wins face-off versus Chris Kelly in neutral zone.
0:13 of 3rd period - Icing by Logan Couture.
0:14 of 3rd period - Jonathan Toews wins face-off versus Chris Kelly in Canadiens zone.
0:39 of 3rd period - Shot by Logan Couture.
0:39 of 3rd period - Stopped by Jonas Hiller without a rebound.
0:40 of 3rd period - Pavel Datsyuk wins face-off versus Chris Kelly in Bruins zone.
0:41 of 3rd period - Shot by Travis Hamonic.
0:41 of 3rd period - Shot Blocked by David Schlemko.
0:43 of 3rd period - Shot by Dustin Byfuglien.
0:43 of 3rd period - Shot Misses the Net.
0:55 of 3rd period - Shot by Andy McDonald.
0:55 of 3rd period - Shot Misses the Net.
0:57 of 3rd period - Shot by Travis Hamonic.
0:57 of 3rd period - Stopped by Jonas Hiller with a rebound.
0:59 of 3rd period - Shot by Travis Hamonic.
0:59 of 3rd period - Stopped by Jonas Hiller with a rebound.
1:03 of 3rd period - Shot by Dustin Byfuglien.
1:03 of 3rd period - Stopped by Jonas Hiller with a rebound.
1:05 of 3rd period - Shot by Dustin Byfuglien.
1:05 of 3rd period - Stopped by Jonas Hiller without a rebound.
1:06 of 3rd period - Ryan Nugent-Hopkins wins face-off versus Jonathan Toews in Bruins zone.
1:06 of 3rd period - Ryan Nugent-Hopkins is hit by Jonathan Toews.
1:41 of 3rd period - Shot by Marc-Edouard Vlasic.
1:41 of 3rd period - Stopped by Jonas Hiller with a rebound.
1:59 of 3rd period - Shot by David Krejci.
1:59 of 3rd period - Goal by David Krejci - Bruins : 2 - Canadiens : 1.
2:00 of 3rd period - Brad Richards wins face-off versus Ryan Nugent-Hopkins in neutral zone.
2:12 of 3rd period - Dennis Seidenberg is hit by Derek Morris and loses puck.
2:18 of 3rd period - Ryan Nugent-Hopkins is hit by Kevin Klein and loses puck.
2:24 of 3rd period - Nathan Horton is hit by Derek Morris and loses puck.
2:26 of 3rd period - Minor Penalty to Derek Morris for Interference.
2:27 of 3rd period - Logan Couture wins face-off versus Ryan Nugent-Hopkins in Canadiens zone.
2:27 of 3rd period - Logan Couture is hit by Brad Marchand.
2:49 of 3rd period - Shot by Jonathan Toews.
2:49 of 3rd period - Shot Misses the Net.
3:58 of 3rd period - Icing by Evander Kane.
3:59 of 3rd period - Evander Kane wins face-off versus Boyd Gordon in Bruins zone.
4:04 of 3rd period - Boyd Gordon is hit by Evander Kane and loses puck.
5:18 of 3rd period - Icing by Tobias Enstrom.
5:19 of 3rd period - Pavel Datsyuk wins face-off versus Patrice Bergeron in Bruins zone.
5:55 of 3rd period - Shot by Cody Franson.
5:55 of 3rd period - Stopped by Cam Ward without a rebound.
5:56 of 3rd period - David Krejci wins face-off versus Jonathan Toews in Canadiens zone.
6:19 of 3rd period - Shot by Jonathan Toews.
6:19 of 3rd period - Shot Blocked by Zach Bogosian.
7:00 of 3rd period - Shot by Brad Richards.
7:00 of 3rd period - Stopped by Jonas Hiller without a rebound.
7:01 of 3rd period - Chris Kelly wins face-off versus Pavel Datsyuk in Bruins zone.
7:01 of 3rd period - Chris Kelly is hit by Blake Wheeler.
7:04 of 3rd period - Dennis Seidenberg is hit by Pavel Datsyuk.
7:14 of 3rd period - Shot by Pavel Datsyuk.
7:14 of 3rd period - Shot Misses the Net.
7:25 of 3rd period - Minor Penalty to Travis Hamonic for Hooking.
7:26 of 3rd period - Jonathan Toews wins face-off versus Ryan Nugent-Hopkins in Canadiens zone.
7:26 of 3rd period - Jonathan Toews is hit by Brad Marchand.
8:00 of 3rd period - Shot by Ryan Nugent-Hopkins.
8:00 of 3rd period - Deflect By Brad Marchand.
8:00 of 3rd period - Stopped by Cam Ward without a rebound.
8:01 of 3rd period - Patrice Bergeron wins face-off versus Jonathan Toews in Canadiens zone.
8:10 of 3rd period - Shot by Evander Kane.
8:10 of 3rd period - Stopped by Cam Ward with a rebound.
8:12 of 3rd period - Shot by Oliver Ekman-Larsson.
8:12 of 3rd period - Stopped by Cam Ward without a rebound.
8:13 of 3rd period - Jonathan Toews wins face-off versus Patrice Bergeron in Canadiens zone.
8:13 of 3rd period - Jonathan Toews is hit by Evander Kane.
8:34 of 3rd period - Shot by Zach Bogosian.
8:34 of 3rd period - Stopped by Cam Ward without a rebound.
8:35 of 3rd period - Ryan Nugent-Hopkins wins face-off versus Jonathan Toews in Canadiens zone.
8:40 of 3rd period - Shot by Brad Marchand.
8:40 of 3rd period - Stopped by Cam Ward without a rebound.
8:41 of 3rd period - Jonathan Toews wins face-off versus Ryan Nugent-Hopkins in Canadiens zone.
8:58 of 3rd period - Shot by Brad Marchand.
8:58 of 3rd period - Stopped by Cam Ward with a rebound.
9:33 of 3rd period - Icing by Travis Hamonic.
9:34 of 3rd period - Pavel Datsyuk wins face-off versus David Krejci in Canadiens zone.
9:36 of 3rd period - Icing by Travis Hamonic.
9:37 of 3rd period - Pavel Datsyuk wins face-off versus David Krejci in Canadiens zone.
9:55 of 3rd period - Icing by Oliver Ekman-Larsson.
9:56 of 3rd period - Brad Richards wins face-off versus David Krejci in Bruins zone.
10:44 of 3rd period - Brad Richards is hit by Milan Lucic and loses puck.
11:11 of 3rd period - Off-side.
11:12 of 3rd period - Chris Kelly wins face-off versus Jonathan Toews in neutral zone.
11:18 of 3rd period - Tyler Seguin is hit by Travis Hamonic and loses puck.
11:34 of 3rd period - Jonathan Toews is hit by Cody Franson and loses puck.
11:37 of 3rd period - Shot by Jonathan Toews.
11:37 of 3rd period - Shot Blocked by Tobias Enstrom.
11:39 of 3rd period - Shot by Travis Hamonic.
11:39 of 3rd period - Stopped by Jonas Hiller with a rebound.
11:41 of 3rd period - Shot by Jonathan Toews.
11:41 of 3rd period - Deflect By Jordan Eberle.
11:41 of 3rd period - Shot Misses the Net.
13:23 of 3rd period - Shot by Brad Richards.
13:23 of 3rd period - Shot Misses the Net.
13:50 of 3rd period - Shot by Jordan Eberle.
13:50 of 3rd period - Stopped by Jonas Hiller with a rebound.
13:52 of 3rd period - Shot by John Mitchell.
13:52 of 3rd period - Shot Blocked by Dennis Seidenberg.
13:56 of 3rd period - Shot by Jordan Eberle.
13:56 of 3rd period - Shot Misses the Net.
13:58 of 3rd period - Shot by Boyd Gordon.
13:58 of 3rd period - Deflect By Jordan Eberle.
13:58 of 3rd period - Goal by Jordan Eberle - Bruins : 2 - Canadiens : 2.
13:59 of 3rd period - Pavel Datsyuk wins face-off versus Evander Kane in neutral zone.
14:32 of 3rd period - Shot by Pavel Datsyuk.
14:32 of 3rd period - Shot Blocked by Evander Kane.
14:53 of 3rd period - Icing by Dennis Wideman.
14:54 of 3rd period - Patrice Bergeron wins face-off versus Jonathan Toews in Canadiens zone.
15:19 of 3rd period - Shot by Jonathan Toews.
15:19 of 3rd period - Shot Misses the Net.
15:21 of 3rd period - Shot by Jonathan Toews.
15:21 of 3rd period - Shot Misses the Net.
16:08 of 3rd period - Icing by Tobias Enstrom.
16:09 of 3rd period - Chris Kelly wins face-off versus Pavel Datsyuk in Bruins zone.
16:20 of 3rd period - Icing by Tobias Enstrom.
16:21 of 3rd period - Pavel Datsyuk wins face-off versus Chris Kelly in Bruins zone.
17:09 of 3rd period - Minor Penalty to Dustin Byfuglien for Hooking.
17:10 of 3rd period - Jonathan Toews wins face-off versus Patrice Bergeron in Canadiens zone.
17:10 of 3rd period - Jonathan Toews is hit by Evander Kane.
17:22 of 3rd period - Shot by Evander Kane.
17:22 of 3rd period - Deflect By Patrice Bergeron.
17:22 of 3rd period - Shot Misses the Net.
17:24 of 3rd period - Shot by Zach Bogosian.
17:24 of 3rd period - Shot Misses the Net.
17:26 of 3rd period - Shot by Zach Bogosian.
17:26 of 3rd period - Stopped by Cam Ward without a rebound.
17:27 of 3rd period - Jonathan Toews wins face-off versus Ryan Nugent-Hopkins in Canadiens zone.
18:30 of 3rd period - Shot by Nathan Horton.
18:30 of 3rd period - Stopped by Cam Ward without a rebound.
18:31 of 3rd period - Logan Couture wins face-off versus Patrice Bergeron in Canadiens zone.
18:37 of 3rd period - Icing by Zdeno Chara.
18:38 of 3rd period - Logan Couture wins face-off versus Patrice Bergeron in Bruins zone.
19:18 of 3rd period - Tyler Seguin is hit by Andrei Kostitsyn and loses puck.

Overtime #1


0:01 of 1st overtime period - Brad Marchand wins face-off versus Jonathan Toews in neutral zone.
0:26 of 1st overtime period - Shot by Rich Peverley.
0:26 of 1st overtime period - Shot Blocked by Dennis Wideman.
0:28 of 1st overtime period - Shot by Patrice Bergeron.
0:28 of 1st overtime period - Shot Blocked by Marc-Edouard Vlasic.
0:52 of 1st overtime period - Icing by Marc-Edouard Vlasic.
0:53 of 1st overtime period - David Krejci wins face-off versus Jonathan Toews in Canadiens zone.
1:04 of 1st overtime period - Shot by Milan Lucic.
1:04 of 1st overtime period - Stopped by Cam Ward without a rebound.
1:05 of 1st overtime period - Pavel Datsyuk wins face-off versus Ryan Nugent-Hopkins in Canadiens zone.
1:13 of 1st overtime period - Off-side.
1:14 of 1st overtime period - Pavel Datsyuk wins face-off versus David Krejci in neutral zone.
2:43 of 1st overtime period - Off-side.
2:44 of 1st overtime period - Chris Kelly wins face-off versus Jonathan Toews in neutral zone.
2:47 of 1st overtime period - Logan Couture is hit by Clarke MacArthur and loses puck.
3:06 of 1st overtime period - Shot by Jonathan Toews.
3:06 of 1st overtime period - Shot Misses the Net.
3:08 of 1st overtime period - Shot by Jonathan Toews.
3:08 of 1st overtime period - Shot Misses the Net.
3:10 of 1st overtime period - Shot by Marc-Edouard Vlasic.
3:10 of 1st overtime period - Stopped by Jonas Hiller with a rebound.
3:12 of 1st overtime period - Shot by Jonathan Toews.
3:12 of 1st overtime period - Stopped by Jonas Hiller without a rebound.
3:13 of 1st overtime period - Rich Peverley wins face-off versus Pavel Datsyuk in Bruins zone.
3:51 of 1st overtime period - Icing by Travis Hamonic.
3:52 of 1st overtime period - Ryan Nugent-Hopkins wins face-off versus Pavel Datsyuk in Canadiens zone.
6:02 of 1st overtime period - Icing by Derek Morris.
6:03 of 1st overtime period - Chris Kelly wins face-off versus Brad Richards in Canadiens zone.
6:25 of 1st overtime period - Tyler Seguin is hit by Dustin Byfuglien.
6:55 of 1st overtime period - Icing by Dustin Byfuglien.
6:56 of 1st overtime period - Patrice Bergeron wins face-off versus Pavel Datsyuk in Canadiens zone.
7:50 of 1st overtime period - Icing by Marc-Edouard Vlasic.
7:51 of 1st overtime period - Jonathan Toews wins face-off versus David Krejci in Canadiens zone.
8:00 of 1st overtime period - Dennis Seidenberg is hit by Jonathan Toews and loses puck.
8:17 of 1st overtime period - Icing by Marc-Edouard Vlasic.
8:18 of 1st overtime period - Jonathan Toews wins face-off versus Tyler Seguin in Canadiens zone.
8:37 of 1st overtime period - Minor Penalty to Pavel Datsyuk for Holding.
8:38 of 1st overtime period - Patrice Bergeron wins face-off versus Boyd Gordon in Canadiens zone.
8:41 of 1st overtime period - Shot by Evander Kane.
8:41 of 1st overtime period - Deflect By Nathan Horton.
8:41 of 1st overtime period - Shot Misses the Net.
9:17 of 1st overtime period - Shot by Patrice Bergeron.
9:17 of 1st overtime period - Stopped by Cam Ward with a rebound.
9:19 of 1st overtime period - Shot by Patrice Bergeron.
9:19 of 1st overtime period - Shot Misses the Net.
9:45 of 1st overtime period - Shot by Ryan Nugent-Hopkins.
9:45 of 1st overtime period - Shot Blocked by Derek Morris.
9:47 of 1st overtime period - Shot by Brad Marchand.
9:47 of 1st overtime period - Shot Misses the Net.
10:01 of 1st overtime period - Shot by Zdeno Chara.
10:01 of 1st overtime period - Stopped by Cam Ward with a rebound.
10:03 of 1st overtime period - Shot by Cody Franson.
10:03 of 1st overtime period - Shot Misses the Net.
10:05 of 1st overtime period - Shot by Zdeno Chara.
10:05 of 1st overtime period - Stopped by Cam Ward without a rebound.
10:06 of 1st overtime period - Patrice Bergeron wins face-off versus Jonathan Toews in Canadiens zone.
10:07 of 1st overtime period - Shot by Zach Bogosian.
10:07 of 1st overtime period - Shot Misses the Net.
10:08 of 1st overtime period - Minor Penalty to Marc-Edouard Vlasic for Holding.
10:09 of 1st overtime period - Patrice Bergeron wins face-off versus Brad Richards in Canadiens zone.
10:21 of 1st overtime period - Off-side.
10:22 of 1st overtime period - Brad Richards wins face-off versus Ryan Nugent-Hopkins in neutral zone.
10:22 of 1st overtime period - Minor Penalty to Brad Marchand for Slashing.
10:23 of 1st overtime period - Patrice Bergeron wins face-off versus Boyd Gordon in Bruins zone.
10:46 of 1st overtime period - Icing by Dustin Byfuglien.
10:47 of 1st overtime period - Brad Richards wins face-off versus Patrice Bergeron in Canadiens zone.
10:52 of 1st overtime period - Tobias Enstrom is hit by Brad Richards and loses puck.
11:07 of 1st overtime period - Icing by Dustin Byfuglien.
11:08 of 1st overtime period - Logan Couture wins face-off versus Patrice Bergeron in Canadiens zone.
11:15 of 1st overtime period - Shot by Brad Richards.
11:15 of 1st overtime period - Stopped by Jonas Hiller without a rebound.
11:16 of 1st overtime period - Brad Richards wins face-off versus Patrice Bergeron in Bruins zone.
11:16 of 1st overtime period - Travis Hamonic and Zdeno Chara fight to a draw.
11:16 of 1st overtime period - Penalty to Travis Hamonic for Fighting.
11:16 of 1st overtime period - Penalty to Zdeno Chara for Fighting.
11:16 of 1st overtime period - Dennis Wideman and Dennis Seidenberg fight to a draw.
11:16 of 1st overtime period - Penalty to Dennis Wideman for Fighting.
11:16 of 1st overtime period - Penalty to Dennis Seidenberg for Fighting.
11:16 of 1st overtime period - Minor Penalty to Brad Richards for Elbowing.
11:16 of 1st overtime period - Minor Penalty to Clarke MacArthur for Slashing.
11:16 of 1st overtime period - Minor Penalty to Logan Couture for Goalie Interference.
11:17 of 1st overtime period - Boyd Gordon wins face-off versus Patrice Bergeron in Canadiens zone.
11:17 of 1st overtime period - Boyd Gordon is hit by Rich Peverley.
11:41 of 1st overtime period - Shot by Boyd Gordon.
11:41 of 1st overtime period - Shot Misses the Net.
11:43 of 1st overtime period - Shot by Kevin Klein.
11:43 of 1st overtime period - Goal by Kevin Klein - Bruins : 2 - Canadiens : 3.


Output by the SimonT Hockey Simulator (STHS) for Stephane Roy -- Original Page W3C XHTML 1.0 Valid
Hockey Simulator - Hockey Simulation - Hockey Manager